 Dungeon Crawl Stone Soup version 0.27.0-1-g7a089689b8 (webtiles) character file.

Game seed: 15544159146030736697

261 mainiacjoe the Distorting Hill Orc (level 6, -3/52 HPs)
             Began as a Hill Orc Abyssal Knight on Aug 7, 2021.
             Was a Believer of Lugonu.
             Slain by a gnoll (6 damage)
             ... on level 4 of the Dungeon.
             The game lasted 00:05:56 (4091 turns).

mainiacjoe the Distorting Hill Orc (HOAK)           Turns: 4091, Time: 00:05:57

Health: -3/52      AC:  7    Str: 17    XL:     6   Next: 18%
Magic:  10/10      EV:  9    Int: 12    God:    Lugonu [**....]
Gold:   42         SH:  3    Dex: 10    Spells: 5/5 levels left

rFire    . . .     SeeInvis .   j - +1 hand axe (flame)
rCold    . . .     Faith    .   y - +0 buckler
rNeg     . . .     Spirit   .   B - +0 scale mail
rPois    .         Reflect  .   o - +0 helmet
rElec    .         Harm     .   (no cloak)
rCorr    .         Rampage  .   (no gloves)
Will     .....                  (no boots)
Stlth    ..........             (no amulet)
HPRegen  0.17/turn              (no ring)
MPRegen  0.12/turn              (no ring)

@: no status effects
A: no striking features
a: Renounce Religion, Depart the Abyss, Bend Space


You were on level 4 of the Dungeon.
You worshipped Lugonu.
Lugonu was pleased with you.
You visited 1 branch of the dungeon, and saw 4 of its levels.
You visited the Abyss 1 time.

You collected 168 gold pieces.
You spent 126 gold pieces at shops.

Inventory:

Hand Weapons
 a - a +1 hand axe
 c - a +0 vampiric dagger
 j - a +1 hand axe of flaming (weapon)
Missiles
 f - 73 stones
 n - 11 arrows
 p - 18 sling bullets
 r - 8 javelins
 t - 19 poisoned darts
 v - 2 boomerangs of dispersal {=F}
 C - a throwing net {=F}
 D - 20 bolts
Armour
 b - a +0 leather armour
 g - a +0 ring mail
 o - a +0 helmet (worn)
 y - a +0 buckler (worn)
 B - a +0 scale mail (worn)
Wands
 x - a wand of iceblast (8)
Scrolls
 d - a scroll of teleportation {unknown}
 e - a scroll of acquirement {unknown}
 i - 2 scrolls of fear {unknown}
 l - a scroll of magic mapping {unknown}
 s - a scroll of identify
 u - a scroll of enchant armour {unknown}
Potions
 h - 2 potions of attraction
 k - a potion of heal wounds
 m - a potion of magic
 q - 2 potions of curing {unknown}
 w - 2 potions of lignification {unknown}
 z - a potion of berserk rage {unknown}
 A - a potion of resistance {unknown}


   Skills:
 - Level 4.0 Fighting
 + Level 5.1 Axes
 - Level 2.6 Armour
 - Level 1.3 Dodging
 * Level 6.0 Invocations


You had 5 spell levels left.
You didn't know any spells.
Your spell library was empty.

Dungeon Overview and Level Annotations

Branches:
Dungeon (4/15)
 Temple: D:4-7

Altars:

Shops:
D:2 [   D:3 [


Message History

Lugonu accepts your kill. The gnoll misses you.
The gnoll hits you from afar with a +0 halberd.
The gnoll hits you from afar with a +0 spear.
You hit the endoplasm. You burn the endoplasm.
You kill the endoplasm!
Lugonu accepts your kill. The gnoll barely misses you.
The gnoll hits you from afar with a +0 spear.
The gnoll hits you with a +0 halberd. The gnoll hits you but does no damage.
Found a robe.
You hit the gnoll. You burn the gnoll.
The gnoll is heavily wounded.
You hit the gnoll. You burn the gnoll. The gnoll hits you with a +0 halberd.
The gnoll hits you with a +0 spear.
You are too injured to fight recklessly!
You are too injured to fight recklessly!
You are too injured to fight recklessly!
Unknown command.
You hit the gnoll. You burn the gnoll.
The gnoll is heavily wounded.
You hit the gnoll. You burn the gnoll. The gnoll hits you with a +0 halberd!
* * * LOW HITPOINT WARNING * * *
The gnoll barely misses you.
You hit the gnoll but do no damage.
The gnoll is heavily wounded.
Your shield and scale mail prevent you from hitting the gnoll.
The gnoll hits you with a +0 halberd!
* * * LOW HITPOINT WARNING * * *
The gnoll hits you with a +0 spear.
* * * LOW HITPOINT WARNING * * *
You feel much better. The gnoll hits you with a +0 halberd!
* * * LOW HITPOINT WARNING * * *
The gnoll closely misses you.
You barely miss the gnoll.
The gnoll is heavily wounded.
You closely miss the gnoll. The gnoll hits you with a +0 halberd!
* * * LOW HITPOINT WARNING * * *
The gnoll hits you with a +0 spear.
You die...

..[........
..........
.......... .........
......... ........##
......gg.####..
......#@.......
##).#######
#####...# ####
........#### ##....
####.......###..#
##...........#
#..........## ####
#...........####....
#########........#


You could see 2 gnolls.

Vanquished Creatures
  An iguana (D:4)
  An orc wizard (D:4)
  2 hound skeletons (D:4)
  Robin (D:2)
  4 gnolls (D:4)
  5 adders
  2 dart slugs (D:2)
  2 orcs (D:4)
  4 bats
  9 endoplasms
  2 giant cockroaches
  11 goblins
  9 hobgoblins
  8 jackals
  4 kobolds
  4 quokkas
  5 ball pythons
  4 frilled lizards
  6 rats
84 creatures vanquished.

Vanquished Creatures (others)
  2 fungi (D:4)
  4 toadstools (D:4)
6 creatures vanquished.

Grand Total: 90 creatures vanquished

Notes
Turn   | Place    | Note
-------+----------+-------------------------------------------
     0 | Abyss:1  | mainiacjoe the Hill Orc Abyssal Knight began the quest for
                  | the Orb.
     0 | Abyss:1  | Reached XP level 1. HP: 19/19 MP: 2/2
     3 | Abyss:1  | Found a corrupted altar of Lugonu.
    55 | Abyss:1  | Found a corrupted altar of Lugonu.
   111 | Abyss:1  | Noticed a soul eater
   112 | D:1      | Escaped the Abyss
   432 | D:1      | Reached skill level 1 in Dodging
   432 | D:1      | Reached XP level 2. HP: 21/27 MP: 3/3
   501 | D:1      | Reached * piety under Lugonu
  1020 | D:1      | Reached skill level 3 in Invocations
  1078 | D:1      | Reached XP level 3. HP: 25/33 MP: 5/5
  1304 | D:2      | Noticed Robin
  1312 | D:2      | Killed Robin
  1658 | D:2      | Reached XP level 4. HP: 40/40 MP: 6/6
  1854 | D:2      | Reached ** piety under Lugonu
  1938 | D:2      | Reached skill level 4 in Invocations
  2092 | D:2      | Found Poyntae's Antique Armour Shop.
  2176 | D:3      | Found Ixkoenal's Armour Shop.
  2706 | D:3      | Found a faded altar of an unknown god.
  2744 | D:3      | Reached XP level 5. HP: 44/46 MP: 8/8
  3420 | D:2      | Bought a buckler for 126 gold pieces
  3705 | D:4      | Reached skill level 5 in Invocations
  3927 | D:4      | Reached XP level 6. HP: 34/52 MP: 10/10
  4084 | D:4      | Reached skill level 5 in Axes
  4084 | D:4      | Reached skill level 6 in Invocations
  4089 | D:4      | HP: 2/52 [gnoll (2)]
  4091 | D:4      | Slain by a gnoll

Illustrated notes

Levels and vault maps discovered:
D:1:      dpeg_arrival_three_same_balls, layout_basic
D:2:      layout_loops_cross, serial_shops, nicolae_shop_behind_doors,
          uniq_robin
D:3:      layout_basic, serial_shops, shop,
          hellmonk_ecumenical_altar_slurped_away
D:4:      layout_layer_cave, minmay_gold_behind_fungi

Skill      XL: |  1  2  3  4  5  6 |
---------------+-------------------+-----
Dodging        | 1 |  1.3
Axes           | 3 4 5 |  5.1
Invocations    | 3 4 5 6 |  6.0
Fighting       | 4 |  4.0
Armour         | |  2.6

Action                   |  1- 3 |  4- 6 || total
-------------------------+-------+-------++-------
Melee: Hand axe          |    75 |   130 ||   205
Invok: Depart the Abyss  |     1 |       ||     1
  Use: Scroll            |     3 |     1 ||     4
       Potion            |       |     1 ||     1
Armor: Ring mail         |    25 |    28 ||    53
       Leather armour    |     3 |       ||     3
       Scale mail        |       |    29 ||    29
Dodge: Dodged            |    40 |    67 ||   107
Block: Buckler           |       |     7 ||     7
